 Dungeon Crawl Stone Soup version 0.31-a0-636-ge1c0e020e0 (webtiles) character file.

Game seed: 1877946922842657883

101 bjtr the Changeling (level 4, -6/28 HPs)
             Began as an Octopode Shapeshifter on Aug 26, 2023.
             Mangled by an orc
             ... wielding a +0 trident
              (8 damage)
             ... on level 3 of the Dungeon.
             The game lasted 00:09:47 (1491 turns).

bjtr the Changeling (Octopode Shapeshifter)         Turns: 1491, Time: 00:09:47

Health: -6/28      AC:  1    Str: 13    XL:     4   Next: 75%
Magic:  5/5        EV: 13    Int: 14    God:
Gold:   115        SH:  0    Dex: 11    Spells: 2/5 levels left

rFire   . . .        p - +1 dire flail
rCold   . . .        (shield currently unavailable)
rNeg    . . .        (helmet currently unavailable)
rPois   .            (no amulet)
rElec   .            (no ring)
rCorr   .            (no ring)
SInv    .            (no ring)
Will    .....        (no ring)
Stlth   +++          (no ring)
HPRegen 0.24/turn    (no ring)
MPRegen 0.09/turn    (no ring)
                     (no ring)

%: no passive effects
@: beast-form
A: beast (slay +2), almost no armour, amphibious, 8 rings, camouflage 1,
gelatinous body 1, (nimble swimmer 1), tentacles
a: Begin Untransformation


You were on level 3 of the Dungeon.
You were a hulking beast.
You visited 1 branch of the dungeon, and saw 3 of its levels.

You collected 115 gold pieces.

Inventory:

Hand Weapons
 e - a +0 dagger
 g - a +0 short sword
 l - a +1 dagger of flaming
 m - a +0 mace
 p - a +1 dire flail (weapon)
 r - a +1 whip of draining
Missiles
 d - 57 stones
 h - 5 poisoned darts
Jewellery
 o - a ring of protection from cold
Talismans
 b - a beast talisman (active)
 c - a flux talisman
Scrolls
 f - a scroll of amnesia
Potions
 a - 2 potions of lignification
 i - 2 potions of curing
 k - a potion of degeneration {unknown}
 n - a potion of enlightenment {unknown}


   Skills:
 + Level 1.1 Fighting
 + Level 2.4 Dodging
 + Level 2.7 Stealth
 - Level 3.3 Unarmed Combat
 + Level 1.0 Spellcasting
 + Level 1.1 Earth Magic
 + Level 3.5 Shapeshifting


You had 2 spell levels left.
You knew the following spells:

 Your Spells              Type           Power      Damage    Failure   Level
a - Sandblast             Erth           8%         2d5       16%         1
b - Passwall              Tmut/Erth      1%         N/A       30%         2

Your spell library contained the following spells:

 Spells                   Type           Power      Damage    Failure   Level
 Scorch                   Fire           0%         2d5       36%         2
 Stone Arrow              Conj/Erth      4%         3d7       52%         3
 Flame Wave               Conj/Fire      0%         2d4       95%         4
 Summon Cactus Giant      Summ           0%         N/A       100%        6


Dungeon Overview and Level Annotations

Branches:
Dungeon (3/15)

Altars:
Ru

Shops:
D:1 (


Innate Abilities, Weirdness & Mutations

You are a hulking beast.
Your limbs bulge with bestial killing power. (Slay +2)
You cannot wear most types of armour.
You are amphibious.
You can wear up to eight rings at the same time.
Your skin changes colour to match your surroundings (Stealth+).
Your rubbery body absorbs attacks. (AC +1, EV +1)
((You are camouflaged when in or above water. (Stealth+)))
You have tentacles for arms and can constrict up to eight enemies at once.


Message History

i - 2 potions of curing
As you read the scroll labelled XESHRA FUWNEF, it crumbles to dust.
It is a scroll of enchant weapon.
Your +0 dire flail glows red for a moment.
Done exploring.
Done exploring.
There is an escape hatch in the floor here.
There is a stone staircase leading down, spattered with blood here.
You see here a bat corpse.
You climb downwards.
You hear the sound of rushing water.
There is an entrance to a sewer on this level.
Hurry and find it before the portal rusts away!
There is a stone staircase leading up here.
Okay, then.
Found a robe.
Found a stone staircase leading down.
You open the door.
An orc wizard and 4 orcs come into view.
The orc shouts!
The orc wizard shouts!
The orc shouts!
You close the door.
An orc opens the door.
As you close the door, it creaks loudly!
An orc breaks down the door.
Found a pink potion.
The orc hits you with a +0 trident. The orc wizard barely misses you.
There is a broken door here.
You barely miss the orc wizard. You grab the orc wizard.
You constrict the orc wizard. The orc hits you with a +0 mace!
The orc wizard gestures at you while chanting.
You resist with some effort. The orc hits you with a +0 trident!
* * * LOW HITPOINT WARNING * * *
Unknown command.
You closely miss the orc. You grab the orc.
You constrict the orc, but do no damage.
You constrict the orc wizard. The orc barely misses you.
The orc wizard barely misses you. The orc hits you with a +0 trident!
* * * LOW HITPOINT WARNING * * *
Unknown command.
You release your grip on the orc.
You release your grip on the orc wizard.
The orc hits you from afar with a +0 trident!
You die...

#.....# #.....#
#.....# ## #.....#
..# #.....# # #.#
####..oo.#
.##.####
.!.....oo# .......
#o###########[...#
#h#...............
#................#
######.##.....#...
#....##..#.##
##...##.##.##
#.#.##.##.##
#.#.##.##.#<
#.#....##.##
#.#######.#


You could see an orc wizard and 4 orcs.

Vanquished Creatures
  4 adders (D:2)
  A worm (D:2)
  2 dart slugs (D:1)
  6 bats
  5 endoplasms
  A giant cockroach (D:2)
  8 goblins
  5 hobgoblins
  5 quokkas
  4 ball pythons
  3 frilled lizards
  6 kobolds
  5 rats
55 creatures vanquished.

Notes
Turn   | Place    | Note
-------+----------+-------------------------------------------
     0 | D:1      | bjtr the Octopode Shapeshifter began the quest for the Orb.
     0 | D:1      | Reached XP level 1. HP: 13/13 MP: 1/1
   129 | D:1      | Reached XP level 2. HP: 18/18 MP: 2/2
   142 | D:1      | Learned a level 1 spell: Sandblast
   196 | D:1      | Found Boiffo's Weapon Shoppe.
   355 | D:1      | Reached XP level 3. HP: 22/23 MP: 0/3
   478 | D:1      | You fall into a shaft and drop 1 floor!
   808 | D:2      | Reached skill level 1 in Stealth
   874 | D:2      | Found a faded altar of an unknown god.
   898 | D:2      | Reached XP level 4. HP: 22/28 MP: 5/5
  1011 | D:2      | Reached skill level 1 in Earth Magic
  1260 | D:2      | Found a sacrificial altar of Ru.
  1268 | D:2      | Reached skill level 1 in Spellcasting
  1438 | D:2      | Learned a level 2 spell: Passwall
  1491 | D:3      | Mangled by an orc

Illustrated notes

Levels and vault maps discovered:
D:1:      minmay_arrival_shattered_statue, layout_rooms, serial_shops,
          nicolae_shop_real_fake_doors
D:2:      layout_basic, hellmonk_ecumenical_altar_heavens_door, basic_altar
D:3:      layout_basic, serial_shops, shop, cheibrodos_sewer_entry_bend

Skill      XL: |  1  2  3  4 |
---------------+-------------+-----
Stealth        | 1 2 |  2.7
Earth Magic    | 1 |  1.1
Spellcasting   | 1 |  1.0
Fighting       | |  1.1
Dodging        | |  2.4
Unarmed Combat | |  3.3
Shapeshifting  | |  3.5

Action                     |  1- 3 |  4- 6 || total
---------------------------+-------+-------++-------
  Melee: Unarmed           |    56 |    12 ||    68
         Constrict         |    14 |    11 ||    25
         Tentacles         |    10 |     6 ||    16
         Punch             |     1 |     1 ||     2
         Dire flail        |       |    26 ||    26
   Cast: Sandblast         |     8 |       ||     8
    Use: Scroll            |       |     3 ||     3
   Stab: Sleeping          |     8 |     6 ||    14
 Armour: Skin              |     2 |     3 ||     5
  Dodge: Dodged            |    31 |    30 ||    61
         Form:             |     1 |       ||     1
         Beast             |     1 |       ||     1

Table legend: (Time is in decaauts)
 A = Elapsed time spent in this place.
 B = Non-inter-level travel time spent in this place.
 C = Inter-level travel time spent in this place.
 D = Time resting spent in this place.
 E = Time spent auto-exploring this place.
 F = Levels seen in this place.
 G = Mean time per level.
                   A        B        C        D        E       F      G
               +--------+--------+--------+--------+--------+-----+--------+
         Total |   1497 |   1440 |     57 |      0 |    955 |   3 |  499.0 |
       Dungeon |   1497 |   1440 |     57 |      0 |    955 |   3 |  499.0 |
               +--------+--------+--------+--------+--------+-----+--------+

Top non-repeatable levels by time:
     D:1: 739 daAuts
     D:2: 729 daAuts
     D:3: 29 daAuts
